 Dungeon Crawl Stone Soup version 0.18.1-50-g88ac8fd (webtiles) character file.

328758 Chiseanne the Unseen (level 20, -15/109 HPs)
             Began as a Spriggan Assassin on Apr 1, 2017.
             Was an Initiate of Gozag.
             Killed from afar by a deep troll earth mage (23 damage)
             ... with a blast of metal fragments
             ... led by an ironheart preserver
             ... on level 4 of the Vaults on Apr 3, 2017.
             The game lasted 04:09:44 (69739 turns).

Chiseanne the Unseen (Spriggan Assassin)           Turns: 69739, Time: 04:09:45

Health: -15/109    AC: 28    Str:  7    XL:     20   Next: 81%
Magic:  0/33       EV: 15    Int: 15    God:    Gozag
Gold:   2400       SH: 15    Dex: 27    Spells: 2 memorised, 16 levels left

rFire  + . .     SeeInvis +     a - +7 dagger (venom)
rCold  . . .     Gourm    .     R - +1 shadow dragon armour of Lies {*Drain rF+ rN++ Dex+3 Stlth++++}
rNeg   + + .     Faith    .     J - +3 buckler {reflect}
rPois  +         Spirit   +     q - +2 hat
rElec  .         Dismiss  .     m - +2 cloak {+Inv}
rCorr  .         Reflect  +     (gloves unavailable)
SustAt .         Harm     .     (boots unavailable)
MR     +++..                    T - amulet of guardian spirit
Stlth  +++++++++.               Y - +6 ring of protection
                                z - ring of poison resistance

@: gold aura, very quick, extremely resistant to hostile enchantments,
incredibly stealthy
A: unfitting armour, see invisible, herbivore 3, speed 3, slow metabolism 2
a: Potion Petition, Call Merchant, Bribe Branch, Renounce Religion, Evoke
Invisibility
}: 2/15 runes: barnacled, gossamer


You were on level 4 of the Vaults.
You worshipped Gozag.
Gozag was noncommittal.
You were not hungry.

You visited 8 branches of the dungeon, and saw 39 of its levels.
You also visited: Labyrinth, Sewer and Bailey.

You collected 18789 gold pieces.
You spent 4440 gold pieces at shops.
You paid 11949 gold pieces to Gozag.

Inventory:

Hand Weapons
 a - a +7 dagger of venom (weapon)
 d - the +9 falchion of the Turnip {freeze, rF+}
   (You found it in a labyrinth)

   It has been specially enchanted to freeze those struck by it, causing extra
   injury to most foes and up to half again as much damage against particularly
   susceptible opponents.
   It can also slow down cold-blooded creatures.
   It protects you from fire.
 e - the +8 hunting sling of Cobeaz {freeze, rN++}
   (You bought it in a shop on level 15 of the Dungeon)

   It causes projectiles fired from it to freeze those they strike, causing
   extra injury to most foes and up to half again as much damage against
   particularly susceptible opponents.
   They can also slow down cold-blooded creatures.
   It greatly protects you from negative energy.
 s - a +6 rapier of electrocution
 w - a +0 blowgun
Missiles
 h - 396 sling bullets
 p - 2 needles of sleeping {!*}
 v - 5 needles of confusion
 F - 125 poisoned needles
 G - 3 throwing nets (quivered) {!*}
Armour
 m - a +2 cloak of invisibility (worn)
 q - a +2 hat (worn)
 J - a +3 buckler of reflection (worn)
 R - the +1 shadow dragon armour of Lies (worn) {*Drain rF+ rN++ Dex+3 Stlth++++}
   (You bought it in a shop on level 12 of the Dungeon)

   It affects your dexterity (+3).
   It protects you from fire.
   It greatly protects you from negative energy.
   It causes draining when unequipped.
   It makes you much more stealthy.
Rods
 H - a +9 rod of ignition (15/15)
   (You found it on level 8 of the Lair of Beasts)
Jewellery
 z - a ring of poison resistance (left hand)
 T - an amulet of guardian spirit (around neck)
 Y - a +6 ring of protection (right hand)
Wands
 b - a wand of teleportation (4/9)
 n - a wand of teleportation (3/9)
 K - a wand of heal wounds (7/9)
 N - a wand of digging (12/24)
 Q - a wand of confusion (16/48)
 U - a wand of teleportation (7/9)
 V - a wand of confusion (6/48)
Scrolls
 c - a scroll of magic mapping
 f - 4 scrolls of fog
 i - 19 scrolls of remove curse
 k - a scroll of enchant weapon
 B - a scroll of fear
 X - 3 scrolls of identify
Potions
 j - 11 potions of curing
 l - a potion of might
 o - 2 potions of heal wounds
 r - 6 potions of berserk rage
 t - 4 potions of cancellation
 u - 2 potions of invisibility
 I - 3 potions of resistance
 S - 2 potions of lignification
 W - 2 potions of haste
Books
 A - a book of Beasts

   Spells                             Type                      Level
   a - Summon Butterflies             Summoning                    1
   b - Call Canine Familiar           Summoning                    3
   c - Summon Ice Beast               Ice/Summoning                4
   d - Summon Mana Viper              Hexes/Summoning              5
   e - Summon Hydra                   Summoning                    7
Miscellaneous
 C - a stone of tremors
 P - a phial of floods
Comestibles
 g - 12 bread rations


   Skills:
 * Level 13.0 Fighting
 - Level 10.0 Short Blades
 - Level 6.3(8.2) Slings
 - Level 6.6(7.5) Throwing
 * Level 13.5 Armour
 - Level 14.3 Dodging
 - Level 16.4 Stealth
 * Level 15.1 Shields
 - Level 16.0 Evocations


You had 16 spell levels left.
You knew the following spells:

 Your Spells              Type           Power        Failure   Level  Hunger
a - Repel Missiles        Chrm/Air       #.....       100%        2    ###....
b - Apportation           Tloc           #.........   100%        1    ##.....


Dungeon Overview and Level Annotations

Branches:
Dungeon (15/15)            Temple (1/1) D:4            Lair (8/8) D:10
 Shoals (4/4) Lair:5       Spider (4/4) Lair:3        Slime (0/6) Lair:6
    Orc (2/2) D:11            Elf (0/3) Orc:2        Vaults (4/5) D:13
  Crypt (0/3) Vaults:3     Depths (1/5) D:15

Altars:
Ashenzari
Cheibriados
Dithmenos
Elyvilon
Fedhas
Gozag
Kikubaaqudgha
Makhleb
Nemelex Xobeh
Okawaru
Pakellas
Qazlal
Ru
Sif Muna
Trog
Vehumet
Xom
Yredelemnul
Zin
The Shining One
Beogh

Shops:
D:7 *   D:9 [   D:12 [   D:13 *   D:14 *[   D:15 [*((([(*[   Orc:2 (=[*
Vaults:1 *

Portals:
Hell: Depths:1

Annotations:
D:3 Chiseanne's ghost, amateur SpAs
D:14 exclusion: Roxanne, Roxanne
Lair:4 exclusion: oklob plant
Shoals:3 Polyphemus
Shoals:4 Ilsuiw
Orc:2 exclusion: 2 upstairs
Vaults:4 Sojobo


Innate Abilities, Weirdness & Mutations

You are tiny and cannot use many weapons and most armour.
You have supernaturally acute eyesight.
You are a herbivore.
You cover ground extremely quickly.
You need consume almost no food.


Message History

* * * LOW HITPOINT WARNING * * *
The deep troll barely misses you. x2
Drink which item? (? for menu, Esc to quit)
You feel much better.
The deep troll bites you but does no damage.
The deep troll barely misses you.
The deep troll claws you but does no damage.
The deep troll earth mage points next to you and mumbles some strange words.
The metal wall shatters!
The blast of metal fragments hits you!
* * * LOW HITPOINT WARNING * * *
The deep troll shaman calls upon its god to strengthen the deep troll earth mage.
The deep troll earth mage seems to grow stronger.
The deep troll completely misses you. The deep troll claws you!
* * * LOW HITPOINT WARNING * * *
You block the deep troll's attack.
You block the ironheart preserver's attack.
The deep troll earth mage points next to you and mumbles some strange words.
The metal wall shatters!
The blast of metal fragments hits you!
You die...
Your body crumbles into a pile of gold.

#. #. ##..
... #.. ..#
####'####
#...TT@.#
#..TpTp...#
#%......#.#
#'...#####
# ### ##...
... #...
... #.. ...
##. ... ...


You could see 2 ironheart preservers, 2 deep trolls, a deep troll earth mage and
a deep troll shaman.

Vanquished Creatures
  Saint Roka (Vaults:4)
  Norris (Spider:4)
  Arachne (Spider:2)
  2 liches
  Rupert (Lair:8)
  Asterion (Spider:2)
  Kirke (D:15)
  Gastronok (Lair:3)
  Agnes (Spider:2)
  5 fire giants
  3 tengu reavers
  4 deep elf sorcerers
  3 ghost moths (Spider:4)
  Wiglaf (Spider:2)
  Louise (Shoals:4)
  2 emperor scorpions (Spider:4)
  5 vault wardens
  Aizul (Spider:4)
  6 ironheart preservers
  4 stone giants
  6 very ugly things
  Nessos (Orc:2)
  A deep elf annihilator (Vaults:3)
  Snorg (Orc:2)
  2 spark wasps (Spider:4)
  2 merfolk javelineers (Shoals:4)
  A deep elf death mage (Vaults:1)
  An ettin (D:15)
  Josephine (Lair:8)
  A minotaur (Lab)
  2 vault guards (Vaults:2)
  7 merfolk impalers (Shoals:4)
  An entropy weaver (Spider:1)
  2 ice dragons
  7 yaktaur captains
  5 hydras
  A catoblepas (D:15)
  2 rakshasas
  An alligator snapping turtle (Shoals:4)
  3 great orbs of eyes
  3 merfolk avatars
  8 ogre magi
  A death knight (Vaults:1)
  5 centaur warriors
  4 merfolk aquamancers (Shoals:4)
  2 satyrs (Shoals:4)
  6 death yaks
  3 deep troll shamans
  2 deep troll earth magi (Vaults:3)
  A tengu warrior (Depths:1)
  A vampire mage (Vaults:3)
  4 skeletal warriors
  7 deep elf knights
  A fire crab (shapeshifter) (Vaults:2)
  A hell knight (D:15)
  2 iron trolls (Depths:1)
  5 sea snakes
  2 flayed ghosts
  An unseen horror (D:13)
  4 deep elf archers
  15 deep trolls
  A phantasmal warrior (Vaults:1)
  9 hill giants
  11 orc knights
  13 harpies
  2 necromancers
  14 orb spiders
  8 ironbrand convokers
  A wizard (Vaults:3)
  2 oklob plants
  24 wolf spiders
  7 hornets
  An orc sorcerer (D:11)
  2 lindwurms (Lair:8)
  10 deep elf magi
  11 griffons
  2 human zombies (Vaults:2)
  10 cyclopes
  37 ugly things
  2 moths of wrath
  A faun (shapeshifter) (Vaults:1)
  2 fauns (Shoals:3)
  4 manticores
  4 black mambas
  Joseph (D:8)
  Maurice (Orc:2)
  15 vault sentinels
  A centaur zombie (D:15)
  3 water nymphs
  19 elephants
  6 torpor snails (Lair:8)
  3 sirens
  6 spiny frogs
  2 rime drakes (Lair:7)
  5 demonic crawlers
  54 yaktaurs
  6 komodo dragons
  A freezing wraith (Vaults:2)
  A wolf spider simulacrum (D:14)
  2 minotaur zombies (Lab)
  12 trolls
  18 merfolk
  4 tengu conjurers
  20 jumping spiders
  4 giant leeches (Lair:8)
  12 polar bears
  A raiju (shapeshifter) (Vaults:3)
  A jumping spider (shapeshifter) (Vaults:3)
  A harpy skeleton (D:15)
  12 blink frogs
  23 two-headed ogres
  5 snapping turtles (Shoals:4)
  2 raiju (Lair:8)
  17 slime creatures
  6 boulder beetles
  A human simulacrum (Vaults:2)
  A stone giant simulacrum (Vaults:1)
  57 redbacks
  2 shadows
  7 wraiths
  77 yaks
  A salamander simulacrum (Vaults:2)
  15 tarantellas
  5 vampires
  11 water elementals
  4 wyverns
  Grum (D:9)
  4 basilisks
  8 hippogriffs
  18 vampire mosquitoes
  9 wargs
  2 steam dragons (D:6)
  4 soldier ants
  10 water moccasins
  6 hell hounds (Lair:8)
  13 porcupines
  40 orc warriors
  17 black bears
  3 ice beasts
  A black bear (shapeshifter) (Vaults:2)
  3 sky beasts
  5 phantoms
  11 boggarts
  6 wasps
  An eye of draining (D:8)
  64 ogres
  An ogre (shapeshifter) (Vaults:3)
  26 centaurs
  23 wolves
  9 crocodiles
  A human skeleton (Vaults:2)
  5 big kobolds
  Blork the orc (D:5)
  3 gnoll sergeants
  25 giant frogs
  A wyvern skeleton (D:14)
  3 scorpions
  19 wights
  8 killer bees
  5 electric eels
  2 howler monkeys
  3 giant frog zombies
  3 crimson imps
  15 jellies
  5 giant frog skeletons
  17 hounds
  5 centaur skeletons
  A quasit (D:7)
  12 orc priests
  28 orc wizards
  6 iguanas
  13 worker ants
  17 sheep
  6 hound zombies
  2 hound skeletons
  25 gnolls
  9 adders
  70 river rats
  4 shadow imps
  A white imp (D:6)
  2 oozes (Lair:6)
  22 worms
  6 giant geckos
  60 orcs
  4 giant cockroaches
  18 goblins
  26 hobgoblins
  14 jackals
  2 quokkas
  3 ball pythons (Sewer)
  6 bats
  A giant gecko zombie (D:5)
  6 giant newts
  2 goblin zombies (D:6)
  3 hobgoblin zombies (D:6)
  24 kobolds
  3 kobold skeletons (D:6)
  2 orc zombies (D:6)
  13 rats
  A butterfly (Lair:2)
  9 plants
1621 creatures vanquished.

Vanquished Creatures (collateral kills)
  An emperor scorpion (Spider:2)
  An entropy weaver (Spider:3)
  2 jumping spiders (Spider:2)
  A merfolk (Shoals:4)
  6 redbacks
  A tarantella (Spider:3)
12 creatures vanquished.

Vanquished Creatures (others)
  A sphinx (Vaults:2)
  A merfolk javelineer (Shoals:4)
  2 yaktaur captains (Vaults:3)
  A merfolk aquamancer (Shoals:4)
  An ogre mage (D:15)
  A deep elf archer (Vaults:3)
  An ironbrand convoker (Vaults:2)
  A deep elf mage (Vaults:3)
  7 yaktaurs
  A two-headed ogre (D:15)
  2 redbacks (Spider:4)
  6 humans (D:15)
  An orc warrior (Vaults:4)
  3 ogres
  2 boggarts (D:15)
  A centaur (Vaults:2)
  A hound (Lair:8)
  A centaur skeleton (D:11)
  An orc (Orc:2)
  A hobgoblin (Bailey)
  A bush (Lair:3)
  58 fungi
  86 plants
181 creatures vanquished.

Grand Total: 1814 creatures vanquished

Notes
Turn   | Place    | Note
--------------------------------------------------------------
     0 | D:1      | Chiseanne the Spriggan Assassin began the quest for the Orb.
     0 | D:1      | Reached XP level 1. HP: 10/10 MP: 2/2
   509 | D:1      | Reached XP level 2. HP: 10/14 MP: 3/3
  1260 | D:2      | Reached XP level 3. HP: 18/18 MP: 4/4
  1811 | D:2      | Found a basalt altar of Yredelemnul.
  2089 | D:3      | Noticed Chiseanne's ghost (amateur SpAs)
  2278 | D:3      | Found a glowing drain.
  2287 | Sewer    | Entered a sewer
  2485 | Sewer    | Reached XP level 4. HP: 22/22 MP: 5/5
  3356 | D:4      | Noticed a phantom
  3361 | D:4      | Killed a phantom
  3361 | D:4      | Reached skill level 10 in Stealth
  3361 | D:4      | Reached XP level 5. HP: 25/25 MP: 6/6
  3540 | D:4      | Found a sacrificial altar of Ru.
  3584 | D:4      | Found a staircase to the Ecumenical Temple.
  3632 | Temple   | Entered the Ecumenical Temple
  3639 | Temple   | Became a worshipper of Gozag Ym Sagoz the Greedy
  4689 | D:5      | Entered Level 5 of the Dungeon
  4766 | D:5      | Noticed Blork the orc
  4811 | D:5      | Killed Blork the orc
  4811 | D:5      | Reached XP level 6. HP: 23/30 MP: 7/7
  5560 | D:5      | Found a deep blue altar of Sif Muna.
  5624 | D:5      | Found a radiant altar of Vehumet.
  5807 | D:6      | Reached skill level 5 in Dodging
  5807 | D:6      | Reached XP level 7. HP: 33/33 MP: 8/8
  6225 | D:6      | Found a glowing golden altar of the Shining One.
  7002 | D:6      | Reached XP level 8. HP: 37/37 MP: 9/9
  7321 | D:6      | Noticed a moth of wrath
  7324 | D:6      | Found a bloodstained altar of Trog.
  7392 | D:6      | Got an ivory rapier
  7407 | D:6      | Identified the cursed +0 rapier of Bloody Death {pierce, Str+7} (You found it on level 6 of the Dungeon)
  8021 | D:7      | Found a white marble altar of Elyvilon.
  8193 | D:7      | Reached XP level 9. HP: 33/41 MP: 10/10
  8294 | D:7      | Reached skill level 5 in Short Blades
  8371 | D:7      | Found Urelyfia's Assorted Antiques.
  8379 | D:7      | Bought a scroll of identify for 58 gold pieces
  8379 | D:7      | Bought a scroll of teleportation for 87 gold pieces
  8379 | D:7      | Bought a scroll of fog for 58 gold pieces
  8379 | D:7      | Bought a notched marble ring for 145 gold pieces
  8379 | D:7      | Bought a scroll labeled YMEIRCH WUDDEGI for 29 gold pieces
  8379 | D:7      | Bought a glowing puce potion for 26 gold pieces
  8379 | D:7      | Bought a fizzy grey potion for 26 gold pieces
  8379 | D:7      | Bought a scroll of teleportation for 87 gold pieces
  8379 | D:7      | Bought 2 golden potions for 52 gold pieces
  8749 | D:7      | Found an iron altar of Okawaru.
  9415 | D:8      | Noticed Joseph
  9441 | D:8      | Killed Joseph
 10750 | D:8      | Reached skill level 10 in Short Blades
 11417 | D:9      | Found a glowing golden altar of the Shining One.
 11433 | D:9      | Reached XP level 10. HP: 46/46 MP: 11/11
 11481 | D:9      | Found an iron altar of Okawaru.
 11685 | D:9      | Noticed Grum
 11831 | D:9      | Killed Grum
 11831 | D:9      | Reached skill level 5 in Throwing
 12276 | D:9      | Noticed a manticore
 12289 | D:9      | Killed a manticore
 12295 | D:9      | Bought a +1 buckler of reflection for 243 gold pieces
 12386 | D:9      | Reached skill level 1 in Shields
 12803 | D:10     | Entered Level 10 of the Dungeon
 12896 | D:10     | Found a staircase to the Lair.
 12903 | D:10     | Noticed an oklob plant
 12905 | D:10     | Killed an oklob plant
 13273 | D:10     | Reached skill level 5 in Shields
 13285 | D:10     | Reached XP level 11. HP: 49/49 MP: 12/12
 14263 | D:11     | Reached skill level 1 in Evocations
 14275 | D:11     | Found a staircase to the Orcish Mines.
 14787 | D:11     | Noticed a hill giant
 15036 | D:11     | Killed a hill giant
 15335 | D:11     | Noticed an orc sorcerer
 15497 | D:11     | Noticed a soul eater
 15505 | D:11     | Killed an orc sorcerer
 16237 | D:12     | Reached skill level 1 in Armour
 16478 | D:12     | HP: 2/49 [shot self (7)]
 16835 | D:12     | Noticed a purple ugly thing
 16870 | D:12     | Killed a purple ugly thing
 17107 | D:12     | Noticed a brown ugly thing
 17312 | D:12     | Killed a brown ugly thing
 17492 | D:13     | Found a flagged portal.
 17517 | Bailey   | Entered a bailey
 17734 | Bailey   | Noticed an orc knight
 17911 | Bailey   | Killed an orc knight
 17911 | Bailey   | Reached XP level 12. HP: 32/53 MP: 16/16
 18869 | D:13     | Found Nux Quf's Blood Bar.
 18906 | D:13     | Found a gate to the Vaults.
 19077 | D:13     | Noticed a centaur warrior
 19083 | D:13     | Killed a centaur warrior
 19213 | D:14     | Found Askeohaj's Pet Rocks.
 19242 | D:14     | You fall through a shaft!
 19242 | D:15     | Entered Level 15 of the Dungeon
 19252 | D:15     | Noticed an ogre mage
 19253 | D:15     | Noticed an ogre mage
 19404 | D:15     | Reached skill level 5 in Armour
 19453 | D:15     | Noticed an ettin
 19511 | D:15     | Found a labyrinth entrance.
 19520 | Lab      | Entered a labyrinth
 19858 | Lab      | Gained mutation: Your flesh is heat resistant. [potion of beneficial mutation]
 19863 | Lab      | Noticed a minotaur
 19868 | Lab      | Killed a minotaur
 19880 | Lab      | Got a dazzling falchion
 19881 | Lab      | Identified the +9 falchion of the Turnip {freeze, rF+} (You found it in a labyrinth)
 19889 | Lab      | Learned a level 2 spell: Repel Missiles
 20037 | D:15     | Found Isacla Sulle's Antique Armour Emporium.
 20274 | D:14     | Noticed Roxanne
 20331 | D:14     | Reached skill level 10 in Shields
 20620 | D:12     | Bought the cursed +1 shadow dragon armour of Lies {*Drain rF+ rN++ Dex+3 Stlth++++} for 1366 gold pieces
 20716 | Orc:1    | Entered Level 1 of the Orcish Mines
 20802 | Orc:2    | Entered Level 2 of the Orcish Mines
 21040 | Orc:2    | Noticed Nessos
 21047 | Orc:2    | Found a staircase to the Elven Halls.
 21050 | Orc:2    | Killed Nessos
 21199 | Orc:2    | Noticed Maurice
 21239 | Orc:2    | Killed Maurice
 21239 | Orc:2    | Reached XP level 13. HP: 58/58 MP: 17/17
 21250 | Orc:2    | Noticed Snorg
 21316 | Orc:2    | Killed Snorg
 21446 | Orc:2    | Found Qaydeymp's General Store.
 21446 | Orc:2    | Found Cuip's Jewellery Boutique.
 21446 | Orc:2    | Found Tillef's Antique Weapon Shop.
 21446 | Orc:2    | Found Ysext's Antique Armour Shop.
 21472 | Orc:2    | Found a roughly hewn altar of Beogh.
 21821 | Orc:2    | Reached skill level 15 in Stealth
 22491 | Orc:2    | Bought 2 fruits for 45 gold pieces
 22491 | Orc:2    | Bought a potion of mutation for 37 gold pieces
 22491 | Orc:2    | Bought a scroll of fear for 52 gold pieces
 22491 | Orc:2    | Bought a potion of curing for 45 gold pieces
 22536 | Orc:2    | Bought a cursed ring of loudness for 72 gold pieces
 24398 | D:14     | Found Mifia's Antique Armour Shoppe.
 25085 | D:14     | Reached skill level 5 in Fighting
 25655 | D:15     | Reached XP level 14. HP: 63/68 MP: 15/18
 25874 | D:15     | Found a staircase to the Depths.
 26031 | D:15     | Found a blossoming altar of Fedhas.
 26378 | D:15     | Noticed Kirke
 26400 | D:15     | Killed Kirke
 26400 | D:15     | Reached skill level 10 in Dodging
 27237 | D:15     | Bought an embroidered cloak for 121 gold pieces
 27424 | D:15     | Got a polished dagger
 27425 | D:15     | Identified the +7 dagger "Ebraas" {pierce, Dex+3} (You found it on level 15 of the Dungeon)
 28071 | D:15     | Bought a scroll of immolation for 45 gold pieces
 28071 | D:15     | Bought a potion of agility for 52 gold pieces
 28546 | Lair:1   | Entered Level 1 of the Lair of Beasts
 30957 | Lair:3   | Found a hole to the Spider Nest.
 30957 | Lair:3   | Noticed Gastronok
 30968 | Lair:3   | Killed Gastronok
 32402 | Lair:4   | Got a translucent glass ring
 32412 | Lair:4   | Identified the ring of Ydghul {EV+2 Dex+4} (You found it on level 4 of the Lair of Beasts)
 33605 | Lair:5   | Found a staircase to the Shoals.
 34026 | Lair:6   | Reached XP level 15. HP: 75/75 MP: 19/19
 34173 | Lair:6   | Found a staircase to the Slime Pits.
 35510 | D:15     | Bought the +8 hunting sling of Cobeaz {freeze, rN++} for 842 gold pieces
 38190 | Lair:8   | Entered Level 8 of the Lair of Beasts
 38190 | Lair:8   | Noticed Rupert
 38217 | Lair:8   | Killed Rupert
 38570 | Lair:8   | Noticed Josephine
 38578 | Lair:8   | Killed Josephine
 40349 | Lair:8   | Found a runed door.
 40471 | Lair:8   | Reached skill level 10 in Armour
 40713 | Lair:8   | Identified a +8 rod of ignition (13/13) (You found it on level 8 of the Lair of Beasts)
 41130 | Lair:8   | Reached XP level 16. HP: 31/82 MP: 15/20
 41784 | D:15     | Bought 4 needles of sleeping for 26 gold pieces
 41861 | D:15     | Bought a glowing cloak for 193 gold pieces
 42004 | D:14     | Bought a warped robe for 176 gold pieces
 42015 | D:14     | Identified the cursed +1 robe of Bileymuc {*Corrode rN++ Slay+3 SInv} (You bought it in a shop on level 14 of the Dungeon)
 42372 | Shoals:1 | Entered Level 1 of the Shoals
 42414 | Shoals:1 | Reached skill level 5 in Evocations
 42783 | Shoals:4 | Entered Level 4 of the Shoals
 43119 | Shoals:4 | Noticed Ilsuiw
 43894 | Shoals:4 | Noticed Louise
 43909 | Shoals:4 | Killed Louise
 44468 | Shoals:4 | Reached XP level 17. HP: 86/86 MP: 25/25
 44691 | Shoals:4 | Reached skill level 10 in Evocations
 44711 | Shoals:4 | Learned a level 1 spell: Apportation
 45253 | Shoals:3 | Noticed Polyphemus
 46298 | Shoals:4 | Got a barnacled rune of Zot
 47267 | Spider:1 | Entered Level 1 of the Spider Nest
 47554 | Spider:2 | Noticed Arachne
 47576 | Spider:2 | Killed Arachne
 47877 | Spider:2 | Noticed Asterion
 48138 | Spider:2 | Noticed Agnes
 48206 | Spider:2 | Killed Asterion
 48215 | Spider:2 | Reached skill level 15 in Evocations
 48249 | Spider:2 | Noticed Wiglaf
 48260 | Spider:2 | Killed Wiglaf
 48280 | Spider:2 | Reached XP level 18. HP: 39/91 MP: 18/30
 48550 | Spider:2 | Killed Agnes
 49311 | Spider:4 | Entered Level 4 of the Spider Nest
 49338 | Spider:4 | Noticed Aizul
 49344 | Spider:4 | Killed Aizul
 49382 | Spider:4 | Noticed Norris
 49826 | Spider:4 | Killed Norris
 50222 | Spider:4 | Gained mutation: You tend to lose your temper in combat. [mutagenic glow]
 50224 | Spider:4 | Lost mutation: You tend to lose your temper in combat. [potion of cure mutation]
 50224 | Spider:4 | Lost mutation: Your flesh is heat resistant. [potion of cure mutation]
 50745 | Spider:4 | Got a gossamer rune of Zot
 51127 | Depths:1 | Entered Level 1 of the Depths
 51127 | Depths:1 | Found a sparkling altar of Nemelex Xobeh.
 51654 | Depths:1 | Reached skill level 10 in Fighting
 51830 | Depths:1 | Found a gateway to Hell.
 51945 | Vaults:1 | Entered Level 1 of the Vaults
 52648 | Vaults:1 | Found Lipnap's General Store.
 52660 | Vaults:1 | Bought a scroll of enchant weapon for 112 gold pieces
 53626 | Vaults:2 | Reached XP level 19. HP: 97/99 MP: 32/32
 56367 | D:15     | Bought an embroidered cloak for 139 gold pieces
 58374 | Vaults:1 | HP: 1/100 [large slime creature (35)]
 59646 | Vaults:1 | HP: 1/100 [fire giant/bolt of fire (13)]
 61881 | Vaults:2 | Reached XP level 20. HP: 45/106 MP: 20/33
 62815 | D:15     | Bought a runed buckler for 135 gold pieces
 62815 | D:15     | Bought a tattered robe for 171 gold pieces
 62817 | D:15     | Identified the cursed +0 robe "Nigaptef" {rPois rF+ MR+ Stlth+} (You bought it in a shop on level 15 of the Dungeon)
 65844 | Vaults:3 | Found a staircase to the Crypt.
 68006 | Vaults:4 | Noticed Sojobo
 68288 | Vaults:4 | Noticed Saint Roka
 68335 | Vaults:4 | Killed Saint Roka
 68625 | Vaults:4 | Reached skill level 15 in Shields
 69739 | Vaults:4 | Killed from afar by a deep troll earth mage

Skill      XL: |  1  2  3  4  5  6  7  8  9 10 11 12 13 14 15 16 17 18 19 20 |
---------------+-------------------------------------------------------------+-----
Stealth        | 6 7 8 10 11 14 16 | 16.4
Dodging        | 5 9 12 14 | 14.3
Short Blades   | 4 10 | 10.0
Throwing       | 3 6 |  6.6
Shields        | 5 8 10 11 12 13 14 15 | 15.1
Evocations     | 4 9 15 16 | 16.0
Armour         | 2 6 7 9 10 11 12 13 | 13.5
Fighting       | 2 5 7 8 10 11 13 | 13.0
Slings         | 6 |  6.3

Action                   |  1- 3 |  4- 6 |  7- 9 | 10-12 | 13-15 | 16-18 | 19-21 || total
-------------------------+-------+-------+-------+-------+-------+-------+-------++-------
Melee: Dagger            |    97 |   172 |   458 |  1257 |  1959 |  1153 |  1087 ||  6183
       Falchion          |       |       |       |    51 |   916 |   176 |    67 ||  1210
       Rapier            |       |       |       |       |       |   380 |  1168 ||  1548
 Fire: Blowgun           |    21 |    21 |    18 |    28 |    54 |     9 |     9 ||   160
       Hunting sling     |       |       |       |       |    62 |     2 |    70 ||   134
Throw: Stone             |       |       |     4 |       |     2 |       |       ||     6
       Tomahawk          |       |       |       |    14 |    53 |       |       ||    67
       Throwing net      |       |       |       |       |    10 |     3 |    10 ||    23
Invok: Call Merchant     |       |       |       |     2 |     3 |     3 |     2 ||    10
       Potion Petition   |       |       |       |       |       |     1 |       ||     1
 Abil: Evoke Invisibilit |       |       |       |       |       |    15 |     3 ||    18
Evoke: Wand              |       |       |    26 |    30 |    19 |    15 |    19 ||   109
       Disc of storms    |       |       |       |     1 |       |       |       ||     1
       Box of beasts     |       |       |       |       |       |    10 |       ||    10
       Phial of floods   |       |       |       |       |       |     2 |       ||     2
       Rod               |       |       |       |       |       |       |    18 ||    18
  Use: Scroll            |     7 |     8 |     7 |     8 |    20 |    12 |    18 ||    80
       Potion            |       |     1 |     5 |     5 |     3 |    13 |    10 ||    37
 Stab: Sleeping          |    19 |    16 |    32 |    53 |    99 |    40 |    29 ||   288
       Distracted        |       |       |     4 |    20 |    73 |    32 |    26 ||   155
       Paralysed         |       |       |       |     2 |     1 |       |       ||     3
       Confused          |       |       |       |     1 |       |       |       ||     1
       Held in net/web   |       |       |       |       |     1 |     2 |     6 ||     9
       Invisible         |       |       |       |       |       |   107 |    13 ||   120
       Fleeing           |       |       |       |       |       |     1 |       ||     1
  Eat: Fruit             |       |     3 |     4 |     8 |    18 |     6 |       ||    39
       Pizza             |       |     3 |       |     2 |     1 |     1 |       ||     7
       Royal jelly       |       |       |     1 |       |       |    11 |    12 ||    24
Armor: Robe              |    18 |    18 |    11 |    26 |       |       |       ||    73
       Shadow dragon arm |       |       |       |    34 |   859 |   523 |   658 ||  2074
Dodge: Dodged            |    94 |   137 |   273 |   495 |  1116 |   587 |   772 ||  3474
Block: Buckler           |       |       |       |   322 |  1678 |   934 |  1278 ||  4212
       Reflection        |       |       |       |     6 |    20 |    38 |    59 ||   123
